 Dungeon Crawl Stone Soup version 0.31-a0-437-g7cee417757 (webtiles) character file.

Game seed: 9118158000229081599

37 AdnanSaban the Covered (level 3, 0/24 HPs)
             Began as a Gargoyle Fighter on Aug 2, 2023.
             Slain by a gnoll
             ... wielding a +0 spear
              (3 damage)
             ... on level 2 of the Dungeon.
             The game lasted 00:00:50 (1085 turns).

AdnanSaban the Covered (Gargoyle Fighter)           Turns: 1085, Time: 00:00:51

Health: 0/24       AC: 14    Str: 21    XL:     3   Next: 41%
Magic:  3/3        EV:  5    Int:  8    God:
Gold:   67         SH:  4    Dex:  9    Spells: 2/2 levels left

rFire   . . .        a - +0 flail
rCold   . . .        c - +0 buckler
rNeg    + . .        f - +0 plate armour
rPois   ∞            (no helmet)
rElec   +            (no cloak)
rCorr   .            (no gloves)
SInv    .            (no boots)
Will    .....        (no amulet) Stlth
                     (no ring)
HPRegen 0.24/turn    (no ring)
MPRegen 0.08/turn

%: no passive effects
@: no status effects
A: sickness immunity, AC +3, negative energy resistance 1, electricity
resistance, torment resistance 1, petrification resistance
a: no special abilities


You were on level 2 of the Dungeon.
You visited 1 branch of the dungeon, and saw 2 of its levels.

You collected 67 gold pieces.

Inventory:

Hand Weapons
 a - a +0 flail (weapon)
Armour
 c - a +0 buckler (worn)
 f - a +0 plate armour (worn)
Scrolls
 e - a scroll of teleportation {unknown}
 g - a scroll of fear {unknown}
 h - a scroll of identify {unknown}
Potions
 b - a potion of curing {unknown}
 d - a potion of might
 i - a potion of magic {unknown}


   Skills:
 + Level 3.7 Fighting
 + Level 2.5 Maces & Flails
 + Level 3.7 Armour
 + Level 3.6 Shields


You had 2 spell levels left.
You didn't know any spells.
Your spell library contained the following spells:

 Spells                   Type           Power      Damage    Failure   Level
 Dazzling Flash           Conj/Hex       0%         N/A       100%        3
 Agony                    Necr           0%         N/A       100%        5
 Silence                  Hex/Air        0%         N/A       100%        5


Dungeon Overview and Level Annotations

Branches:
Dungeon (2/15)

Altars:

Shops:
D:1 (


Innate Abilities, Weirdness & Mutations

You are immune to sickness and miasma.
Your stone body is resilient. (AC +3)
You are immune to poison.
You resist negative energy. (rN+)
You are resistant to electric shocks. (rElec)
You are resistant to unholy torment.
You are immune to petrification.


Message History

The gnoll completely misses you. The gnoll hits you but does no damage.
The gnoll hits you but does no damage.
You barely miss the gnoll.
The gnoll hits you but does no damage. x3
You barely miss the gnoll.
The gnoll hits you but does no damage. x3
The gnoll barely misses you.
The gnoll hits you but does no damage. x2
You barely miss the gnoll. The gnoll hits you with a +0 club.
The gnoll barely misses you. x2
You hit the gnoll.
The gnoll is lightly wounded.
The gnoll hits you with a +0 club. The gnoll hits you with a +0 spear.
You block the gnoll's attack.
You are too injured to fight recklessly!
You are too injured to fight recklessly!
You are too injured to fight recklessly!
You are too injured to fight recklessly!
There are monsters nearby!
There are monsters nearby!
Unknown command.
You barely miss the gnoll.
The gnoll is lightly wounded.
The gnoll hits you but does no damage. You block the gnoll's attack. x3
The gnoll hits you with a +0 club. The gnoll hits you but does no damage.
You hit the gnoll.
The gnoll is lightly wounded.
The gnoll hits you but does no damage. The gnoll hits you with a +0 spear.
* * * LOW HITPOINT WARNING * * *
The gnoll hits you but does no damage.
You hit the gnoll.
The gnoll is heavily wounded.
The gnoll completely misses you. You block the gnoll's attack.
The gnoll hits you with a +0 spear.
* * * LOW HITPOINT WARNING * * *
You closely miss the gnoll.
The gnoll is heavily wounded.
The gnoll hits you but does no damage. x2; You block the gnoll's attack.
You barely miss the gnoll.
The gnoll is heavily wounded.
The gnoll hits you but does no damage. x3; The gnoll barely misses you.
The gnoll hits you with a +0 spear.
You die...

..######............# #
...#....#......... # #.
#...#.).....##### #
###.##...#.......# ##
...............#.# ##.
..)........#####.#####..
..........># ##.##.....
...........## #.........
......g@....###..##.#...
......gg............#...
.........###..#.#.......
................#####...
.........##..##.#####...
............. ..[.......
.##..####### ....###...
#.. . #... #...


You could see 3 gnolls.

Vanquished Creatures
  5 ball pythons
  5 bats
  3 endoplasms
  A giant cockroach (D:2)
  4 hobgoblins
  6 jackals
  A quokka (D:1)
  2 goblins
  3 kobolds (D:1)
  3 rats
33 creatures vanquished.

Notes
Turn   | Place    | Note
-------+----------+-------------------------------------------
     0 | D:1      | AdnanSaban the Gargoyle Fighter began the quest for the
                  | Orb.
     0 | D:1      | Reached XP level 1. HP: 14/14 MP: 1/1
   110 | D:1      | Found a faded altar of an unknown god.
   195 | D:1      | Reached XP level 2. HP: 19/19 MP: 2/2
   522 | D:1      | Found Tawuo's Antique Weapon Emporium.
   952 | D:2      | Identified the +3 sling "Isopeera" {drain, Drain rC+++
                  | Int+3 Dex-5}
   967 | D:2      | Reached XP level 3. HP: 24/24 MP: 3/3
  1085 | D:2      | Slain by a gnoll

Illustrated notes

Levels and vault maps discovered:
D:1:      saegor_arrival_simple_c, layout_loops_corners,
          shapermc_ecumenical_altar_mp_ritualfount, serial_shops,
          nicolae_shop_tiny_glass, serial_bayou_pond_d
D:2:      layout_rooms

Action                     || total
---------------------------++-------
  Melee: Flail             ||   104
 Armour: Scale mail        ||    14
         Plate armour      ||    93
  Dodge: Dodged            ||    50
  Block: Buckler           ||    30

Table legend: (Time is in decaauts)
 A = Elapsed time spent in this place.
 B = Non-inter-level travel time spent in this place.
 C = Inter-level travel time spent in this place.
 D = Time resting spent in this place.
 E = Time spent auto-exploring this place.
 F = Levels seen in this place.
 G = Mean time per level.
                   A        B        C        D        E       F      G
               +--------+--------+--------+--------+--------+-----+--------+
         Total |   1118 |   1090 |     28 |      0 |    850 |   2 |  559.0 |
       Dungeon |   1118 |   1090 |     28 |      0 |    850 |   2 |  559.0 |
               +--------+--------+--------+--------+--------+-----+--------+

Top non-repeatable levels by time:
     D:1: 961 daAuts
     D:2: 156 daAuts
